Map: Data-C

Players

Nori - Winner!

  • Race: Zerg Zerg
  • League: Diamond
  • Spawn Location: 9:00

A.I. 1 (Very Easy)

  • Race: Terran Terran
  • Spawn Location: 3:00

VOD

Have the link to the VOD?

Description

Time

  • Played on: Oct. 26, 2022, 4:42 a.m.
  • Length: 8:23
Show
View Real Time Build Order
Export as new Build Order

Nori Zerg - Winner!

Build Orders: Hatch First 

Get SALT Encoding   

  12  0:02  Drone  
  13  0:13  Overlord  
  13  0:17  Drone  
  14  0:33  Drone x2  
  16  0:50  Hatchery  
  16  0:53  Drone  
  16  0:56  Drone  
  17  0:59  Drone  
  17  1:02  Extractor  
  17  1:16  Spawning Pool  
  16  1:19  Drone  
  16  1:22  Drone  
  18  1:31  Drone  
  19  1:42  Drone  
  20  1:51  Overlord  
  20  2:03  Queen x2  
  20  2:06  Drone x2  
  26  2:14  Drone  
  26  2:15  Drone  
  28  2:24  Drone x2  
  30  2:34  Overlord  
  30  2:37  Overlord  
  30  2:40  Queen  
  30  2:43  Lair  
  32  2:49  Drone x2  
  34  2:55  Drone x2  
  36  3:07  Drone x2  
  38  3:13  Roach Warren  
  37  3:24  Drone  
  37  3:25  Drone x5  
  43  3:31  Drone x2  
  45  3:43  Extractor x2  
  43  3:49  Evolution Chamber  
  43  3:50  Drone x4  
  43  3:53  Drone x2  
  48  3:55  Glial Reconstitution  
  48  3:58  Roach x2  
  48  3:59  Overlord  
  48  4:00  Overlord  
  52  4:15  Hatchery  
  52  4:16  Zerg Missile Weapons Level 1  
  51  4:18  Overlord x3  
  51  4:19  Drone  
  51  4:21  Roach  
  51  4:23  Roach  
  56  4:28  Roach  
  56  4:29  Roach  
  60  4:32  Spore Crawler  
  60  4:35  Spore Crawler  
  60  4:36  Drone  
  59  4:47  Drone x3  
  59  4:48  Extractor, Overlord x2  
  59  4:52  Overseer  
  62  4:58  Hatchery  
  61  5:04  Drone x2  
  61  5:05  Drone x5  
  68  5:09  Drone  
  69  5:40  Overlord x2  
  69  5:41  Overlord x4  
  69  5:51  Drone x2  
  69  5:53  Extractor  
  70  5:59  Overlord  
  70  6:00  Overlord x3  
  70  6:02  Roach x4  
  78  6:05  Ravager x6  
  78  6:11  Zerg Ground Armor Level 1  
  84  6:25  Spore Crawler  
  83  6:28  Roach  
  83  6:29  Roach x2  
  83  6:30  Hatchery  
  83  6:31  Roach  
  90  6:33  Ravager x3  
  90  6:34  Ravager  
  94  6:40  Roach  
  94  6:41  Roach x2  
  94  6:43  Roach  
  102  6:55  Roach x5  
  102  6:56  Roach  
  102  6:59  Roach  
  118  7:01  Roach  
  118  7:11  Roach  
  118  7:12  Roach x4  
  128  7:17  Roach x2  
  132  7:25  Roach  
  132  7:26  Roach x3  
  140  7:32  Roach x2  
  140  7:33  Roach  
  146  7:40  Roach  
  146  7:41  Roach x3  
  154  7:57  Roach  
  154  7:58  Roach x6  
Show
View Real Time Build Order
Export as new Build Order

A.I. 1 (Very Easy) Terran 

Build Orders:  

Get SALT Encoding   

  12  0:00  SCV  
  13  0:13  SCV  
  14  0:18  Supply Depot  
  14  0:37  Refinery  
  14  0:42  Barracks  
  14  1:05  Supply Depot  
  14  1:13  Refinery  
  14  1:30  Marine  
  14  1:31  Orbital Command  
  15  1:56  SCV  
  17  2:08  SCV  
  17  2:15  Barracks Tech Lab  
  17  2:20  SCV  
  18  2:32  SCV, Marine  
  20  2:44  SCV  
  21  2:57  SCV  
  22  3:17  Marauder  
  24  6:35  SCV, Marine  
  24  6:38  Supply Depot  
  26  6:41  Command Center, Factory  
  27  6:47  SCV  
  27  7:00  SCV  
  28  7:04  Supply Depot  
  27  7:10  Marine  
  27  7:12  SCV  
  25  7:24  SCV  
  25  7:28  Starport  
  26  7:36  SCV  
  27  7:45  Marine  
  27  7:50  SCV  
  27  8:02  SCV  
  22  8:10  Starport Tech Lab  
Tags
 
League
Diamond
Matchup
TvZ
Spawn Locations
Cross Positions
Add a new tag
Caveats
  • Supply blocks, unpowered buildings, or Contaminate may cause inaccurate times.
  • Supply counts are checked every 10 seconds.